cohdb
Replays
Latest Replays
All Replays
Popular Replays
Top Player Replays
Match Explorer
How It Works
Community
CoH3 Stats
Reddit
Sign in to upload your games and track your stats! →
Sign in with Steam
Match 37936939
Unlisted
Match 37936939
Overview
Messages
Build Orders
End
Kettenkrad Recon Vehicle
Construct Infanterie Kompanie
Selects Italian Coastal Battlegroup
Selects Coastal Reserves
Coastal Reserve
MG 42 Machine Gun Team
Coastal Reserve
GrW 34 Mortar Team
Construct Panzergrenadier Kompanie
Selects Support Bunkers
Pak 40 Anti-tank Gun Team
Medical Bunker
Selects Designated Artillery Overwatch
Construct Panzer Kompanie
Panzer IV Medium Tank
MG 42 Bunker
Selects Artillery Officer
Artillery Officer
Coastal Reserve
Panzer IV Medium Tank
Selects Bulwark
Kettenkrad Recon Vehicle
Panzer IV Medium Tank
Panzer IV Medium Tank
MG 42 Bunker
MG 42 Bunker
Designated Artillery Overwatch
Ceddin deden
ppppoiuyt
為了帝皇
Ryan
Honey
khj
Xen
顾思凡
0
0
Comments
sign in to comment!
No comments posted yet!